 Dungeon Crawl Stone Soup version 0.22.0-27-ga576289 (webtiles) character file.

2625 Monsterracer the Grappler (level 9, -1/67 HPs)
             Began as a Centaur Conjurer on Aug 22, 2018.
             Was a Believer of Hepliaklqana.
             Killed from afar by Hsekiu the knight (34 damage)
             ... with an exploding inner flame
             ... created by the player character
             ... hexed by the player character
             ... on level 7 of the Dungeon.
             The game lasted 00:11:31 (8867 turns).

Monsterracer the Grappler (Centaur Conjurer)        Turns: 8867, Time: 00:11:32

Health: -1/67      AC: 13    Str: 13    XL:     9   Next: 34%
Magic:  12/12      EV:  8    Int: 14    God:    Hepliaklqana [**....]
Gold:   484        SH:  0    Dex: 11    Spells: 9/11 levels left

rFire    . . .     SeeInvis .     - Unarmed
rCold    . . .     Gourm    .   (no shield)
rNeg     + + +     Faith    .   m - +4 ring mail {rN+}
rPois    .         Spirit   .   b - +2 hat
rElec    .         Reflect  .   r - +1 cloak
rCorr    .         Harm     .   (no gloves)
MR       .....                  (no barding)
Stlth    ..........             (no amulet)
HPRegen  0.21/turn              j - ring of positive energy
MPRegen  0.13/turn              i - ring of positive energy

@: very quick
A: large, reduced essence, hooves 3, deformed body, speed 2, tough skin 3
a: Recall Ancestor, Ancestor Identity, Renounce Religion


You were on level 7 of the Dungeon.
You worshipped Hepliaklqana.
Hepliaklqana was pleased with you.
You were not hungry.

You visited 1 branch of the dungeon, and saw 7 of its levels.

You collected 484 gold pieces.

Inventory:

Armour
 b - a +2 hat (worn)
 m - a +4 ring mail of positive energy (worn)
 r - a +1 cloak (worn)
Jewellery
 i - a ring of positive energy (right hand)
 j - a ring of positive energy (left hand)
Wands
 d - a wand of paralysis (16)
 p - a wand of flame (32)
Scrolls
 e - 4 scrolls of remove curse
 f - 3 scrolls of teleportation {!r}
Potions
 a - a potion of mutation {!q}
 g - 2 potions of heal wounds
 h - 2 potions of berserk rage {!q}
 k - 2 potions of agility
 l - 3 potions of curing
 n - 3 potions of degeneration {unknown}
 o - 2 potions of lignification {unknown}
 q - a potion of brilliance {unknown}
 s - a potion of flight {unknown}
 t - a potion of magic {unknown}
Comestibles
 c - 16 rations


   Skills:
 + Level 5.8 Fighting
 - Level 1.3 Dodging
 - Level 1.1 Stealth
 * Level 9.4 Unarmed Combat
 - Level 1.5 Spellcasting
 - Level 5.0 Conjurations
 + Level 5.2 Invocations


You had 9 spell levels left.
You knew the following spells:

 Your Spells              Type           Power        Failure   Level  Hunger
b - Searing Ray           Conj           ###...       11%         2    ###....

Your spell library contained the following spells:

 Spells                   Type           Power        Failure   Level  Hunger
 Magic Dart               Conj           ###.         7%          1    ##.....
 Dazzling Spray           Conj/Hex       #.....       52%         3    ####...
 Iskenderun's Mystic Bla  Conj           ###.....     56%         4    #####..
 Force Lance              Conj/Tloc      #.......     89%         4    #####..
 Fulminant Prism          Conj/Hex       #.........   89%         4    #####..


Dungeon Overview and Level Annotations

Branches:
Dungeon (7/15)             Temple (0/1) D:6

Altars:
Dithmenos
Elyvilon
Hepliaklqana
Makhleb
Nemelex Xobeh
Qazlal
Sif Muna
Uskayaw
Vehumet
Zin


Innate Abilities, Weirdness & Mutations

You have hooves in place of feet.
Armour fits poorly on your strangely shaped body.
You cover ground very quickly.
You have extremely tough skin. (AC +3)
Your life essence is reduced to manifest your ancestor. (-10% HP)


Message History

You swap places.
A hound zombie comes into view.
A hound zombie is nearby!
A hound zombie is nearby!
You hit the hound zombie. You kick the hound zombie.
The hound zombie is lightly damaged.
The hound zombie bites you.
You take 1 damage, and have 66/67 hp.
You hit the hound zombie.
The hound zombie is moderately damaged.
The hound zombie bites you but does no damage.
You hit the hound zombie. Your kick misses the hound zombie.
The hound zombie is moderately damaged.
Hsekiu hits the hound zombie with a flail!
The hound zombie barely misses you.
A hound zombie is nearby!
You barely miss the hound zombie.
The hound zombie is heavily damaged.
The hound zombie bites you.
Hsekiu hits the hound zombie with a flail!
You take 3 damage, and have 63/67 hp.
A hound zombie is nearby!
You barely miss the hound zombie.
You kick the hound zombie, but do no damage.
The hound zombie is almost destroyed.
The hound zombie barely misses you.
A hound zombie is nearby!
You hit the hound zombie.
You destroy the hound zombie!
Key pressed, stopping explore.
No target in view!
No target in view!
Key pressed, stopping explore.
No target in view!
Health restored: 67 An adder comes into view.
The adder hisses angrily.
An adder is nearby!
The adder bites you.
You take 2 damage, and have 65/67 hp.
You punch the adder!
You kill the adder!
You see here an adder corpse.
No target in view!
No target in view!
Found a robe.
Health restored: 67
Found a stone staircase leading down.
v - a scroll of identify No target in view!
There is a stone staircase leading down here.
You now have 484 gold pieces (gained 17).
A crimson imp comes into view.
The crimson imp shouts!
A crimson imp is nearby!
As you read the scroll of identify, it crumbles to dust.
k - 2 potions of agility The crimson imp blinks!
As you read the scroll labeled JEDOHA HAON, it crumbles to dust.
The creatures around you are filled with an inner flame!
It was a scroll of immolation.
What are your orders? t - Shout!
Orders for allies: a - Attack new target. r - Retreat! s - Stop attacking. g - Guard the area. f - Follow me.
Anything else - Cancel.
Gang up on whom?
Press: ? - help, Dir - move target cursor, f - crimson imp
Aim: a crimson imp (inner flame) Attack!
Hsekiu barely misses the crimson imp.
Hsekiu hits the crimson imp with a flail!
The crimson imp hits you but does no damage.
You hit the crimson imp but do no damage.
Your kick misses the crimson imp.
The crimson imp is lightly wounded.
The crimson imp hits you but does no damage.
Hsekiu hits the crimson imp with a flail.
The crimson imp blinks!
Hsekiu barely misses the crimson imp.
The crimson imp is too close now for your liking.
You hit the crimson imp. Your kick misses the crimson imp.
The crimson imp is moderately wounded.
The crimson imp hits you.
Hsekiu hits the crimson imp with a flail!
The crimson imp explodes!
The fiery explosion engulfs Hsekiu.
Hsekiu resists.
Hsekiu is almost destroyed.
The fiery explosion engulfs you!
* * * LOW HITPOINT WARNING * * *
You take 34 damage, and have 33/67 hp.
MASSIVE DAMAGE!!
Hsekiu is engulfed in blazing flames.
You start resting.
Hsekiu is engulfed in blazing flames.
Hsekiu is engulfed in blazing flames.
Hsekiu the knight explodes!
The fiery explosion engulfs you!
Ouch! That really hurt!
You die...

...########..#...####........####
...# #).###.#......#######.. ####
##.###.#......##### #.#
#..##.#....###...# #.#
#..##.#....# #...# #.#
###..##.###### #...# #.#
#.....#.# #...# #.. #...†.#.#
#...##### #.....#@# #.......R
###...#§# #........
#.#.#§#########.......
######...§§......# #.......
.......#.#.#.....# #.......
.......#.#.#.....# #.......
..[....#.#.#.....# #....###
.......5...#.....# #....##8
...........#.....# ####.'..


There were no monsters in sight!

Vanquished Creatures
  Grinder (D:6)
  Eustachio (D:5)
  Duvessa (D:6)
  An orc warrior (D:5)
  An ice beast (D:5)
  A phantom (D:7)
  A necrophage (D:7)
  2 centaurs
  4 bullfrogs
  A scorpion (D:5)
  A crimson imp (D:7)
  A centaur zombie (D:5)
  An orc priest (D:6)
  3 hounds (D:5)
  A jelly (D:5)
  3 orc wizards
  A bullfrog skeleton (D:5)
  2 centaur skeletons (D:4)
  5 worker ants
  A hound zombie (D:7)
  10 gnolls
  9 adders
  A shadow imp (D:5)
  An ooze (D:4)
  A worm (D:3)
  3 dart slugs
  5 leopard geckos
  19 orcs
  4 giant cockroaches
  15 goblins
  10 hobgoblins
  7 jackals
  2 quokkas (D:6)
  2 ball pythons (D:3)
  4 bats
  4 frilled lizards
  9 kobolds (D:5)
  9 rats
148 creatures vanquished.

Vanquished Creatures (collateral kills)
  An orc warrior (D:6)
  An ogre (D:4)
  A bullfrog (D:4)
  Dowan (D:6)
  A crimson imp (D:7)
  A jelly (D:6)
  An orc priest (D:6)
  3 orc wizards
  An iguana (D:4)
  2 gnolls (D:6)
  6 orcs
  A goblin (D:5)
  A hobgoblin (D:5)
21 creatures vanquished.

Vanquished Creatures (others)
  A knight (D:6)
  An ancestor (D:3)
2 creatures vanquished.

Grand Total: 171 creatures vanquished

Notes
Turn   | Place    | Note
-------+----------+-------------------------------------------
     0 | D:1      | Monsterracer the Centaur Conjurer began the quest for the Orb.
     0 | D:1      | Reached XP level 1. HP: 14/14 MP: 3/3
   263 | D:1      | Reached skill level 1 in Unarmed Combat
   454 | D:1      | Reached XP level 2. HP: 20/20 MP: 4/4
   598 | D:1      | Reached skill level 2 in Unarmed Combat
   988 | D:2      | Reached XP level 3. HP: 19/26 MP: 0/5
   992 | D:2      | Learned a level 2 spell: Searing Ray
  1186 | D:2      | Found a shadowy altar of Dithmenos.
  1318 | D:2      | Reached skill level 3 in Unarmed Combat
  1900 | D:2      | HP: 13/26 [adder (4)]
  1906 | D:2      | HP: 9/26 [poisoned by an adder]
  1911 | D:2      | Reached XP level 4. HP: 9/33 MP: 0/6
  1912 | D:2      | HP: 9/33 [poisoned by an adder]
  1917 | D:2      | HP: 7/33 [poisoned by an adder]
  1923 | D:2      | HP: 6/33 [poisoned by an adder]
  1931 | D:2      | HP: 5/33 [poisoned by an adder]
  2294 | D:3      | Found a white marble altar of Elyvilon.
  2575 | D:3      | Reached skill level 4 in Unarmed Combat
  2738 | D:3      | Found a hide-covered altar of Uskayaw.
  2897 | D:3      | Found a deep blue altar of Sif Muna.
  2913 | D:3      | Found a hazy altar of Hepliaklqana.
  2931 | D:3      | Became a worshipper of Hepliaklqana the Forgotten
  3125 | D:3      | HP: 14/29 [orc wizard/puff of flame (10)]
  3272 | D:3      | Reached XP level 5. HP: 20/35 MP: 1/7
  3618 | D:4      | Noticed an ogre
  3626 | D:4      | Killed an ogre
  3626 | D:4      | Reached skill level 1 in Fighting
  3626 | D:4      | Reached XP level 6. HP: 38/42 MP: 0/8
  3808 | D:4      | Reached skill level 5 in Unarmed Combat
  3968 | D:4      | Found a deep blue altar of Sif Muna.
  4426 | D:5      | Entered Level 5 of the Dungeon
  4559 | D:5      | Noticed an ice beast
  4569 | D:5      | Killed an ice beast
  4569 | D:5      | Reached XP level 7. HP: 32/50 MP: 9/9
  4683 | D:5      | Reached * piety under Hepliaklqana
  4737 | D:5      | Reached skill level 6 in Unarmed Combat
  4888 | D:5      | Reached skill level 5 in Conjurations
  4925 | D:5      | Noticed Eustachio
  4974 | D:5      | Killed Eustachio
  4974 | D:5      | Reached skill level 1 in Invocations
  5662 | D:5      | Found a burning altar of Makhleb.
  5711 | D:5      | Reached XP level 8. HP: 58/59 MP: 10/10
  5745 | D:5      | Reached skill level 7 in Unarmed Combat
  6366 | D:6      | Reached ** piety under Hepliaklqana
  6367 | D:6      | Remembered your ancestor Hsekiu as a knight
  6450 | D:6      | HP: 22/59 [orc priest/divine providence (16)]
  6455 | D:6      | HP: 16/59 [orc priest/divine providence (7)]
  6697 | D:5      | HP: 26/59 [orc warrior/hand axe (13)]
  6702 | D:5      | HP: 16/59 [orc warrior/hand axe (11)]
  6970 | D:6      | Reached skill level 8 in Unarmed Combat
  6992 | D:6      | Noticed Grinder
  7014 | D:6      | Killed Grinder
  7014 | D:6      | Reached skill level 5 in Fighting
  7258 | D:6      | Found a sparkling altar of Nemelex Xobeh.
  7267 | D:6      | Noticed Duvessa
  7267 | D:6      | Noticed Dowan
  7272 | D:6      | HP: 30/61 [Duvessa/short sword of electrocution (12)]
  7274 | D:6      | HP: 14/61 [Duvessa/short sword of electrocution (1)]
  7512 | D:6      | HP: 24/61 [Duvessa/short sword of electrocution (16)]
  7514 | D:6      | Killed Duvessa
  7514 | D:6      | Reached XP level 9. HP: 24/66 MP: 12/12
  7522 | D:6      | HP: 10/66 [Dowan/stone arrow (14)]
  7528 | D:6      | Killed Dowan
  7805 | D:6      | Found a staircase to the Ecumenical Temple.
  7895 | D:6      | Found a radiant altar of Vehumet.
  7970 | D:6      | Found a stormy altar of Qazlal.
  8264 | D:7      | Found a glowing silver altar of Zin.
  8284 | D:7      | Reached skill level 9 in Unarmed Combat
  8478 | D:7      | Reached skill level 5 in Invocations
  8864 | D:7      | HP: 33/67 [crimson imp/exploding inner flame[the player character] (33)]
  8867 | D:7      | Killed from afar by Hsekiu the knight

Skill      XL: |  1  2  3  4  5  6  7  8  9 |
---------------+----------------------------+-----
Unarmed Combat | 1 2 3 4 5 6 8 9 |  9.4
Conjurations   | 4 5 |  5.0
Fighting       | 1 2 3 5 |  5.8
Invocations    | 2 4 5 |  5.2
Dodging        | |  1.3
Stealth        | |  1.1
Spellcasting   | |  1.5

Action                   |  1- 3 |  4- 6 |  7- 9 || total
-------------------------+-------+-------+-------++-------
Melee: Unarmed           |    94 |   109 |   354 ||   557
       Kick              |    12 |    28 |    80 ||   120
       Punch             |     1 |       |    11 ||    12
 Cast: Magic Dart        |    23 |    20 |       ||    43
       Searing Ray       |       |     4 |       ||     4
Invok: Recall Ancestor   |       |     2 |     1 ||     3
       Ancestor Life: Kn |       |       |     1 ||     1
  Use: Scroll            |       |     8 |     7 ||    15
 Stab: Sleeping          |       |     1 |       ||     1
  Eat: Chunk             |     2 |     8 |    11 ||    21
       Ration            |       |       |     1 ||     1
Armor: Robe              |    40 |    25 |       ||    65
       Ring mail         |       |    32 |   174 ||   206
Dodge: Dodged            |    50 |    35 |   121 ||   206

Vault maps used:
D:1:      evilmike_arrival_hilbert_curve, serial_forest,
          infiniplex_forest_end_double, infiniplex_forest_end_2,
          infiniplex_forest_end_1, infiniplex_forest_clump_medium,
          infiniplex_forest_straight_2, infiniplex_forest_lined_3
D:2:      nicolae_dithmenos_through_a_glass_darkly
D:3:      lemuel_doored_altar, eat_drink_and_be_merry_uskayaw,
          lemuel_crystal_altar, minmay_misc_feat_chi, led_sif_book
D:4:      kennysheep_little_box
D:5:      corexii_shantytown, first_ration, kennysheep_nub,
          makhleb_blood_cavern_becter, uniq_eustachio
D:6:      vehumet_crystals, overflow_temple_1_default, kennysheep_mini_moat,
          temple_pool_b, uniq_duvessa, uniq_grinder
D:7:      zin_academy, the_bakery, dk_noncrumbling_2
